 Dungeon Crawl Stone Soup version 0.24.0-125-gc4c63601f3 (webtiles) character file.

Game seed: 14538275855439350298, levelgen mode: deterministic

53 Lemonice the Caller (level 3, -2/26 HPs)
             Began as a Barachi Summoner on Feb 20, 2020.
             Slain by a phantom (6 damage)
             ... on level 4 of the Dungeon.
             The game lasted 00:07:57 (2984 turns).

Lemonice the Caller (Barachi Summoner)              Turns: 2984, Time: 00:07:58

Health: -2/26      AC:  2    Str:  9    XL:     3   Next: 87%
Magic:  2/7        EV: 13    Int: 16    God:
Gold:   142        SH:  0    Dex: 12    Spells: 3/7 levels left

rFire    . . .     SeeInvis .   f - -1 spear
rCold    . . .     Gourm    .   (no shield)
rNeg     . . .     Faith    .   a - +0 robe
rPois    .         Spirit   .   (no helmet)
rElec    .         Reflect  .   (no cloak)
rCorr    .         Harm     .   (no gloves)
MR       .....                  (no boots)
Stlth    ++........             (no amulet)
HPRegen  0.08/turn              (no ring)
MPRegen  0.10/turn              (no ring)

@: berserk cooldown, slowed, very slow
A: +LOS, swims, slowness 1, strong legs 1
a: Hop


You were on level 4 of the Dungeon.
You were not hungry.

You visited 1 branch of the dungeon, and saw 4 of its levels.

You collected 142 gold pieces.

Inventory:

Hand Weapons
 f - a -1 spear (weapon)
 o - a -2 spear
Missiles
 b - 39 sling bullets
 j - 54 stones (quivered)
Armour
 a - a +0 robe (worn)
Jewellery
 r - an uncursed amulet of regeneration
Scrolls
 e - a scroll of fog {unknown}
 g - a scroll of remove curse
 h - 5 scrolls of teleportation {unknown}
 k - 3 scrolls of immolation {unknown}
 v - a scroll of enchant armour {unknown}
Potions
 d - 2 potions of flight
 i - a potion of berserk rage
 l - a potion of resistance
 m - a potion of cancellation
 n - a potion of magic
 p - a potion of heal wounds
 q - a potion of might {unknown}
 s - a potion of mutation {unknown}
 u - a potion of curing {unknown}
 w - a potion of invisibility {unknown}
Comestibles
 c - 2 rations


   Skills:
 + Level 1.3 Fighting
 + Level 0.5 Polearms
 + Level 2.6 Dodging
 - Level 1.7 Stealth
 + Level 2.8 Spellcasting
 + Level 5.5 Summonings


You had 3 spell levels left.
You knew the following spells:

 Your Spells              Type           Power        Failure   Level  Hunger
a - Summon Small Mammal   Summ           ###.         1%          1    #......
b - Call Canine Familiar  Summ           ###.....     6%          3    ###....

Your spell library contained the following spells:

 Spells                   Type           Power        Failure   Level  Hunger
 Call Imp                 Summ           ###.....     3%          2    ##.....
 Magic Dart               Conj           #...         19%         1    #......
 Summon Guardian Golem    Hex/Summ       ##......     19%         3    ###....
 Blink                    Tloc           N/A          28%         2    ##.....
 Slow                     Hex            #.......     28%         2    ##.....
 Conjure Flame            Conj/Fire      #.......     50%         3    ###....
 Mephitic Cloud           Conj/Pois/Air  #.......     50%         3    ###....
 Summon Ice Beast         Ice/Summ       ##......     52%         4    #####..
 Summon Lightning Spire   Summ/Air       ##......     52%         4    #####..


Dungeon Overview and Level Annotations

Branches:
Dungeon (4/15)
 Temple: D:4-7

Altars:
Gozag
Xom

Annotations:
D:2 Terence


Innate Abilities, Weirdness & Mutations

Shadows flee at your approach. (+LOS)
You can swim through water.
You cover ground slowly.
You can hop short distances.


Message History

You feel a strong urge to attack something.
There is a stone staircase leading up here.
Your hound bites the phantom.
The phantom blinks!
You feel your anger nearly subside.
You are no longer berserk.
You pass out from exhaustion.
You feel yourself slow down. The phantom misses your hound.
Your hound bites the phantom.
Your hound barely misses the phantom.
The phantom blinks!
The phantom completely misses your hound.
Your hound misses the phantom.
You can move again.
There is a stone staircase leading up here.
Attack whom?
Press: ? - help, Dir - move target cursor, f/p - phantom
Aim: a phantom (almost destroyed)
You reach to attack!
You closely miss the phantom.
The phantom is almost destroyed.
Your hound disappears in a puff of smoke!
The phantom hits you.
You die...

##...#
##?..#
#....#
#...##
+...##
#....#
#..†.#
#....#
#..@.#
#..W.#
#....#
#....#
#....#
######


You could see a phantom.

Vanquished Creatures
  An ooze (D:3)
  An orc (D:3)
  8 bats
  2 giant cockroaches (D:2)
  A hobgoblin (D:1)
  2 jackals (D:2)
  A kobold (D:1)
  A ball python (D:2)
  3 frilled lizards
  A goblin (D:2)
  5 rats
26 creatures vanquished.

Vanquished Creatures (collateral kills)
  2 adders (D:2)
  A worm (D:2)
  2 dart slugs
  2 giant cockroaches
  2 goblins
  2 hobgoblins
  A quokka (D:3)
  A frilled lizard (D:3)
  2 kobolds
15 creatures vanquished.

Grand Total: 41 creatures vanquished

Notes
Turn   | Place    | Note
-------+----------+-------------------------------------------
     0 | D:1      | Lemonice the Barachi Summoner began the quest for the Orb.
     0 | D:1      | Reached XP level 1. HP: 13/13 MP: 3/3
    95 | D:1      | Reached skill level 5 in Summonings
   439 | D:1      | Reached XP level 2. HP: 19/19 MP: 5/5
  1761 | D:2      | Reached skill level 1 in Fighting
  1761 | D:2      | Reached XP level 3. HP: 22/26 MP: 2/6
  1781 | D:2      | Learned a level 3 spell: Call Canine Familiar
  1911 | D:2      | Noticed Terence
  2271 | D:2      | Found a shimmering altar of Xom.
  2453 | D:3      | Found an opulent altar of Gozag.
  2942 | D:4      | Noticed a phantom
  2984 | D:4      | Slain by a phantom

Levels and vault maps discovered:
D:1:      evilmike_arrival_crescent, layout_loops_ring
D:2:      layout_loops_ring, nicolae_overflow_hidden_temple, uniq_terence
D:3:      layout_rooms, grunt_gozag_statues
D:4:      layout_gridville, kennysheep_mini_moat, overflow_temple_1_default,
          lemuel_round_altar, minmay_temple_entry_glass, first_ration,
          serial_shops, nicolae_shop_window_shopping

Skill      XL: |  1  2 |
---------------+-------+-----
Summonings     | 5 |  5.5
Fighting       | 1 |  1.3
Polearms       | |  0.5
Dodging        | |  2.6
Stealth        | |  1.7
Spellcasting   | |  2.8

Action                   || total
-------------------------++-------
Melee: Unarmed           ||    15
       Spear             ||   160
 Cast: Summon Small Mamm ||     7
       Call Canine Famil ||    14
  Use: Scroll            ||     7
       Potion            ||     2
 Stab: Sleeping          ||     3
       Distracted        ||     2
  Eat: Chunk             ||     9
Armor: Robe              ||    38
Dodge: Dodged            ||   100
